 Dungeon Crawl Stone Soup version 0.29.1-1-gd02db6906a (webtiles) character file.

Game seed: 2088164641487174324

52 Zeld the Chopper (level 3, -1/49 HPs)
             Began as a Minotaur Berserker on Oct 14, 2022.
             Was a Believer of Trog.
             Slain by a gnoll
             ... wielding a +0 whip
              (5 damage)
             ... on level 2 of the Dungeon.
             The game lasted 00:01:04 (1569 turns).

Zeld the Chopper (Minotaur Berserker)               Turns: 1569, Time: 00:01:04

Health: -1/49      AC:  2    Str: 23    XL:     3   Next: 60%
Magic:  0/2        EV: 12    Int:  4    God:    Trog [**....]
Gold:   72         SH:  0    Dex:  9    Spells: 2/2 levels left

rFire   . . .      SeeInvis .   a - +0 hand axe
rCold   . . .      Faith    .   (no shield)
rNeg    . . .      Spirit   +   b - +0 animal skin
rPois   .          Reflect  .   (helmet restricted)
rElec   .          Harm     .   (no cloak)
rCorr   .          Rampage  .   (no gloves)
Will    .....                   (no boots)
Stlth   ..........              f - amulet of guardian spirit
HPRegen 0.16/turn               (no ring)
MPRegen 0.08/turn               (no ring)

@: berserking (expiring), very quick
A: horns 2, retaliatory headbutt
a: Renounce Religion, Berserk, Trog's Hand


You were on level 2 of the Dungeon.
You worshipped Trog.
Trog was pleased with you.
You visited 1 branch of the dungeon, and saw 2 of its levels.

You collected 72 gold pieces.

Inventory:

Hand Weapons
 a - a +0 hand axe (weapon)
Armour
 b - a +0 animal skin (worn)
Jewellery
 f - an amulet of guardian spirit (around neck)
Scrolls
 c - 2 scrolls of magic mapping {unknown}
 d - 2 scrolls of poison {unknown}
 e - a scroll of fear {unknown}
 g - a scroll of vulnerability {unknown}
 h - 2 scrolls of immolation {unknown}
 i - a scroll of identify {unknown}


   Skills:
 + Level 4.1 Fighting
 * Level 4.5 Axes
 + Level 3.1 Armour
 + Level 2.7 Dodging


You had 2 spell levels left.
You didn't know any spells.
Your spell library was empty.

Dungeon Overview and Level Annotations

Branches:
Dungeon (2/15)

Altars:

Shops:
D:1 (


Innate Abilities, Weirdness & Mutations

You have a pair of horns on your head.
You reflexively headbutt those who attack you in melee.


Message History

A gnoll comes into view. It is wielding a +0 whip.
The worm bites you!
You see here a throwing net.
You struggle against the net.
You struggle against the net.
The worm barely misses you.
The frilled lizard bites you but does no damage.
You are held in a net!
You struggle against the net.
The frilled lizard bites you but does no damage.
You are held in a net!
You struggle against the net.
The worm bites you! The frilled lizard barely misses you.
You rip the net and break free!
The frilled lizard closely misses you. You furiously retaliate!
You headbutt the frilled lizard!
You kill the frilled lizard!
Trog accepts your kill.
The gnoll hits you from afar with a +0 spear!
* * * LOW HITPOINT WARNING * * *
The worm bites you.
* * * LOW HITPOINT WARNING * * *
Unknown command.
The gnoll throws a throwing net.
The throwing net hits you.
You become entangled in the net!
You see here a throwing net.
You struggle against the net.
You struggle against the net.
You rip the net and break free!
A red film seems to cover your vision as you go berserk!
You feel yourself moving faster!
You feel mighty!
You feel a strong urge to attack something.
You completely miss the gnoll. You headbutt the gnoll!
You kill the gnoll!
Trog accepts your kill. The gnoll closely misses you.
You see here a +0 club.
You barely miss the gnoll. You barely miss the gnoll.
The gnoll hits you with a +0 whip!
* * * LOW HITPOINT WARNING * * *
You closely miss the gnoll. The gnoll hits you with a +0 whip.
You die...

#.# #.#
#.# #.#
#.# #.#
#.# #.#
#.# #.#
#.# #.#
#g# #g#
#@# #.#
#.# #.#
#.# #.#
#.# #.#
##.######


You could see 2 gnolls.

Vanquished Creatures
  2 gnolls
  2 dart slugs (D:1)
  3 bats
  An endoplasm (D:1)
  A giant cockroach (D:1)
  A goblin (D:1)
  2 hobgoblins (D:1)
  4 quokkas
  2 ball pythons (D:1)
  3 frilled lizards
  3 kobolds
  6 rats
30 creatures vanquished.

Vanquished Creatures (others)
  5 plants (D:1)
5 creatures vanquished.

Grand Total: 35 creatures vanquished

Notes
Turn   | Place    | Note
-------+----------+-------------------------------------------
     0 | D:1      | Zeld the Minotaur Berserker began the quest for the Orb.
     0 | D:1      | Reached XP level 1. HP: 19/19 MP: 0/0
    62 | D:1      | Found Jayppude's Weapon Shoppe.
   138 | D:1      | Found a faded altar of an unknown god.
   412 | D:1      | Reached XP level 2. HP: 26/27 MP: 1/1
   811 | D:1      | Reached ** piety under Trog
   812 | D:1      | Reached XP level 3. HP: 32/33 MP: 2/2
  1512 | D:2      | HP: 1/33 [worm (5)]
  1569 | D:2      | Slain by a gnoll

Illustrated notes

Levels and vault maps discovered:
D:1:      ncdulo_halloftheorcs, layout_basic, serial_bayou, serial_bayou_pond_e,
          serial_bayou_pond_c, serial_bayou_pond_b, serial_bayou_lake_a,
          hellmonk_ecumenical_altar_lost_god, serial_shops, shop_fountains,
          kennysheep_pointless_box
D:2:      layout_basic, kennysheep_minor_cross

Skill      XL: |  1  2  3 |
---------------+----------+-----
Axes           | 4 |  4.5
Fighting       | 4 |  4.1
Armour         | 3 |  3.1
Dodging        | |  2.7

Action                   || total
-------------------------++-------
Melee: Hand axe          ||    53
       Headbutt          ||     9
Invok: Berserk           ||     1
Armor: Animal skin       ||    13
Dodge: Dodged            ||    39
